 Dungeon Crawl Stone Soup version 0.20.1-1-g8b1a95d66d (webtiles) character file.

1831 Hvezdomuz the Ducker (level 8, -15/112 HPs)
             Began as a Troll Transmuter on Nov 22, 2017.
             Hit by a large rock thrown by a cyclops (21 damage)
             ... on level 7 of the Dungeon.
             The game lasted 00:55:38 (5991 turns).

Hvezdomuz the Ducker (Troll Transmuter)             Turns: 5991, Time: 00:55:39

Health: -15/112    AC: 26    Str: 19    XL:     8   Next: 86%
Magic:  1/10       EV:  1    Int: 11    God:
Gold:   373        SH:  0    Dex: 10    Spells: 5/11 levels left

rFire    . . .     SeeInvis .   D - +3 hand axe (freeze)
rCold    . . .     Gourm    +   (no shield)
rNeg     + + +     Faith    .   (armour currently unavailable)
rPois    +         Spirit   .   (helmet currently unavailable)
rElec    .         Reflect  .   (cloak currently unavailable)
rCorr    .         Harm     .   (gloves unavailable)
MR       .....     NoTele   +   (boots unavailable)
Stlth    +.........             (no amulet)
Regen    0.7/turn               t - ring of wizardry
MPRegen  0.2/turn               h - +2 ring of protection

@: tree-form, very slightly contaminated, very heavily drained
A: unfitting armour, fast metabolism 3, gourmand, regeneration 1
a: no special abilities


You were on level 7 of the Dungeon.
You were very hungry.
You were a tree.
You visited 1 branch of the dungeon, and saw 7 of its levels.

You collected 373 gold pieces.

Inventory:

Hand Weapons
 j - a +2 flail of draining
 m - a +0 dagger of pain
 u - a +0 rapier
 w - a +0 dagger
 z - a +0 rapier
 D - a +3 hand axe of freezing (weapon)
 F - a +0 hand crossbow
 G - a +0 hand axe
 I - a +4 short sword
 K - a cursed +3 mace
Missiles
 a - 93 arrows
 B - 26 bolts
 E - 19 poisoned needles
Armour
 b - a +0 robe (melded)
 e - a +0 pair of gloves
 x - a +0 robe
 C - a scarf of spirit shield (melded)
 H - a +2 helmet
Jewellery
 f - an uncursed ring of teleportation
 h - a +2 ring of protection (right branch)
 t - a ring of wizardry (left branch)
Wands
 y - a wand of iceblast (7/15)
Scrolls
 n - 3 scrolls of teleportation {unknown}
 q - 2 scrolls of blinking {unknown}
 r - a scroll of remove curse
 s - a scroll of enchant weapon {unknown}
 A - a scroll of silence {unknown}
Potions
 g - a potion of might
 v - a potion of ambrosia {unknown}
Books
 c - a book of Changes

   Spells                             Type                      Level
   a - Beastly Appendage              Transmutation                1
   b - Sticks to Snakes               Transmutation                2
   c - Spider Form                    Transmutation/Poison         3
   d - Ice Form                       Ice/Transmutation            4
   e - Blade Hands                    Transmutation                5
Comestibles
 d - 5 bread rations
 k - 3 fruits
 l - a royal jelly
 p - a meat ration


   Skills:
 + Level 3.3(0.1) Fighting
 + Level 3.3(0.1) Short Blades
 + Level 3.7(0.5) Axes
 + Level 0.3(0.0) Throwing
 + Level 4.7(1.4) Dodging
 + Level 1.0(0.0) Stealth
 + Level 4.3(1.1) Unarmed Combat
 + Level 2.4(0.0) Spellcasting
 + Level 3.0(0.0) Transmutations
 + Level 0.7(0.0) Poison Magic


You had 5 spell levels left.
You knew the following spells:

 Your Spells              Type           Power        Failure   Level  Hunger
a - Beastly Appendage     Tmut           #.....       14%         1    ##.....
b - Sticks to Snakes      Tmut           #.......     21%         2    ###....
c - Spider Form           Tmut/Pois      #.........   38%         3    ####...


Dungeon Overview and Level Annotations

Branches:
Dungeon (7/15)             Temple (0/1) D:5

Altars:
Gozag
The Shining One

Shops:
D:5 *


Innate Abilities, Weirdness & Mutations

You are too large for most types of armour.
((You have claws for hands.))
Your metabolism is lightning-fast.
You like to eat raw meat.
Your natural rate of healing is unusually fast.
((You are covered in fur. (AC +1)))
((You have very tough skin. (AC +2)))


Message History

The cyclops shouts!
You hear a shout!
The killer bee barely misses you.
The cyclops throws a large rock.
The large rock hits you!!!
* * * LOW HITPOINT WARNING * * *
A big kobold comes into view. It is wielding a whip.
Things that are here:
a large rock; 13 gold pieces
Okay, then.
It was a potion of lignification.
You turn into a tree.
Your scarf of spirit shield melds into your body.
Your +0 robe melds into your body.
You feel strangely alone.
Your roots penetrate the ground.
The killer bee stings you.
* * * LOW HITPOINT WARNING * * *
The killer bee stings you but does no damage.
Okay, then.
Okay, then.
You miss the killer bee.
The killer bee stings you but does no damage. x2
The cyclops throws a large rock.
The large rock hits you!!
You die...

#.#.# #.# #.......<.# #
#.#.# #.# ###.........#
#...# ##.###...........###
#.z####.....#####........#
#..###......# ###..###...
#..#........# .#.## ...
##.#........####..#.. ..
###.#........#.K.# #...
... #...#....z..z.♣y.#
.#.. #.#..........#...#
.####
#...(........####.C#.#
#............# .#
###............# #
...............####
###...............#
#...............#
#...............#


You could see a cyclops, a big kobold, a killer bee and 2 wights.

Vanquished Creatures
  Grinder (D:6)
  Prince Ribbit (D:6)
  Edmund (D:6)
  An ogre (D:5)
  2 centaurs
  3 bullfrogs
  A scorpion (D:6)
  5 wights
  A bullfrog zombie (D:5)
  3 orc priests
  A jelly (D:6)
  A bullfrog skeleton (D:6)
  3 orc wizards
  2 iguanas (D:6)
  2 worker ants
  A worker ant zombie (D:5)
  3 gnolls (D:3)
  12 adders
  A shadow imp (D:5)
  An ooze (D:2)
  2 worms
  2 dart slugs
  6 leopard geckos
  9 orcs
  6 bats
  2 giant cockroaches
  4 goblins
  4 hobgoblins
  17 jackals
  2 ball pythons
  2 frilled lizards (D:2)
  5 kobolds
  9 rats
116 creatures vanquished.

Vanquished Creatures (collateral kills)
  A wight (D:6)
  4 gnolls (D:3)
  A worm (D:3)
  2 orcs (D:3)
  A giant cockroach (D:3)
9 creatures vanquished.

Grand Total: 125 creatures vanquished

Notes
Turn   | Place    | Note
-------+----------+-------------------------------------------
     0 | D:1      | Hvezdomuz the Troll Transmuter began the quest for the Orb.
     0 | D:1      | Reached XP level 1. HP: 18/18 MP: 1/1
    75 | D:1      | Reached XP level 2. HP: 26/26 MP: 2/2
    83 | D:1      | Learned a level 2 spell: Sticks to Snakes
   698 | D:1      | Reached skill level 1 in Short Blades
   717 | D:1      | Reached XP level 3. HP: 25/32 MP: 2/4
  1202 | D:2      | Reached skill level 1 in Fighting
  1340 | D:2      | Reached XP level 4. HP: 26/41 MP: 5/5
  1586 | D:2      | HP: 2/41 [poisoned by an adder]
  1591 | D:2      | HP: 2/41 [poisoned by an adder]
  2548 | D:3      | Reached XP level 5. HP: 43/48 MP: 1/6
  3338 | D:5      | Entered Level 5 of the Dungeon
  3382 | D:5      | Found a staircase to the Ecumenical Temple.
  3412 | D:5      | HP: 2/48 [orc wizard/magic dart (5)]
  3505 | D:5      | Learned a level 3 spell: Spider Form
  3603 | D:5      | Reached XP level 6. HP: 48/55 MP: 7/7
  3817 | D:5      | Found an opulent altar of Gozag.
  3832 | D:5      | Found Gozag's Platinum Reserve.
  4177 | D:5      | Reached XP level 7. HP: 47/63 MP: 6/9
  4414 | D:6      | Found a glowing golden altar of the Shining One.
  4464 | D:6      | Noticed Grinder
  4474 | D:6      | Paralysed by Grinder for 6 turns
  4507 | D:6      | Killed Grinder
  4507 | D:6      | Reached skill level 1 in Axes
  4574 | D:6      | Noticed Prince Ribbit
  4741 | D:6      | Killed Prince Ribbit
  4741 | D:6      | Reached XP level 8. HP: 27/74 MP: 3/10
  4998 | D:6      | Noticed Edmund
  5014 | D:6      | Killed Edmund
  5631 | D:6      | Reached skill level 1 in Stealth
  5989 | D:7      | Noticed a cyclops
  5990 | D:7      | HP: 5/112 [killer bee (5)]
  5991 | D:7      | Hit by a large rock thrown by a cyclops

Skill      XL: |  1  2  3  4  5  6  7  8 |
---------------+-------------------------+-----
Short Blades   | 1 2 3 |  3.3
Fighting       | 1 2 3 |  3.3
Dodging        | 2 3 4 |  4.7
Transmutations | 2 3 |  3.0
Spellcasting   | 2 |  2.4
Axes           | 2 3 |  3.7
Unarmed Combat | 4 |  4.3
Stealth        | 1 |  1.0
Throwing       | |  0.3
Poison Magic   | |  0.7

Action                   |  1- 3 |  4- 6 |  7- 9 || total
-------------------------+-------+-------+-------++-------
Melee: Short sword       |    85 |       |       ||    85
       Unarmed           |     3 |     4 |    12 ||    19
       Punch             |     4 |     8 |     2 ||    14
       Headbutt          |     1 |     6 |       ||     7
       Dagger            |    69 |   343 |       ||   412
       Kick              |       |     4 |    13 ||    17
       Hand axe          |       |    16 |   175 ||   191
Throw: Tomahawk          |     6 |     2 |       ||     8
 Cast: Beastly Appendage |     2 |     9 |     7 ||    18
       Sticks to Snakes  |     1 |    18 |     5 ||    24
       Spider Form       |       |     1 |     2 ||     3
  Use: Scroll            |       |    10 |     3 ||    13
       Potion            |       |     4 |     2 ||     6
 Stab: Distracted        |       |     1 |       ||     1
       Sleeping          |       |     1 |     1 ||     2
  Eat: Chunk             |    17 |    12 |    10 ||    39
       Bread ration      |       |     2 |       ||     2
       Meat ration       |       |     1 |       ||     1
       Royal jelly       |       |       |     2 ||     2
Armor: Robe              |    91 |   148 |    67 ||   306
       Skin              |       |       |     5 ||     5
Dodge: Dodged            |   132 |   201 |   127 ||   460
